 Dungeon Crawl Stone Soup version 0.29-a0-330-g52719c12eb (webtiles) character file.

Game seed: 2941806911987056500

95 Foxy the Sneak (level 4, -1/32 HPs)
             Began as a Gnoll Enchanter on Apr 12, 2022.
             Slain by a gnoll
             ... wielding a +0 halberd
              (12 damage)
             ... on level 3 of the Dungeon.
             The game lasted 00:03:01 (2227 turns).

Foxy the Sneak (Gnoll Enchanter)                    Turns: 2227, Time: 00:03:02

Health: -1/32      AC:  3    Str:  7    XL:     4   Next: 65%
Magic:  0/11       EV: 13    Int: 16    God:
Gold:   76         SH:  4    Dex: 13    Spells: 8/13 levels left

rFire   . . .      SeeInvis .   a - +1 dagger
rCold   . . .      Faith    .   s - +0 buckler
rNeg    . . .      Spirit   .   b - +0 robe
rPois   .          Reflect  .   (no helmet)
rElec   .          Harm     .   (no cloak)
rCorr   .          Rampage  .   d - +0 pair of gloves
Will    .....                   (no boots)
Stlth   +++.......              (no amulet)
HPRegen 0.10/turn               o - ring of flight
MPRegen 0.12/turn               (no ring)

@: flying
A: fangs 1, strong nose, distributed training
a: no special abilities


You were on level 3 of the Dungeon.
You visited 1 branch of the dungeon, and saw 3 of its levels.

You collected 76 gold pieces.

Inventory:

Hand Weapons
 a - a +1 dagger (weapon)
Missiles
 k - 4 poisoned darts (quivered)
Armour
 b - a +0 robe (worn)
 d - a +0 pair of gloves (worn)
 s - a +0 buckler (worn)
Magical Staves
 p - a staff of cold
Jewellery
 o - a ring of flight (left hand)
Scrolls
 e - 2 scrolls of blinking {unknown}
 g - a scroll of vulnerability {unknown}
 l - 2 scrolls of teleportation {unknown}
 m - 2 scrolls of fog {unknown}
 n - a scroll of identify {unknown}
 q - a scroll of immolation {unknown}
Potions
 c - 2 potions of invisibility
 f - a potion of attraction {unknown}
 h - a potion of degeneration {unknown}
 i - a potion of flight {unknown}
 j - a potion of haste {unknown}
 r - a potion of curing {unknown}


   Skills:
 + Level 1.2 Fighting
 + Level 2.8 Short Blades
 + Level 1.2 Long Blades
 + Level 1.2 Axes
 + Level 1.2 Maces & Flails
 + Level 1.2 Polearms
 + Level 1.2 Staves
 + Level 1.2 Slings
 + Level 1.2 Bows
 + Level 1.2 Crossbows
 + Level 1.2 Throwing
 + Level 1.2 Armour
 + Level 4.6 Dodging
 + Level 6.0 Stealth
 + Level 1.2 Shields
 + Level 1.2 Unarmed Combat
 + Level 5.1 Spellcasting
 + Level 1.0 Conjurations
 + Level 5.5 Hexes
 + Level 1.0 Summonings
 + Level 1.0 Necromancy
 + Level 1.0 Translocations
 + Level 1.0 Transmutations
 + Level 1.0 Fire Magic
 + Level 1.0 Ice Magic
 + Level 1.0 Air Magic
 + Level 1.0 Earth Magic
 + Level 1.0 Poison Magic
 + Level 1.3 Invocations
 + Level 1.2 Evocations


You had 8 spell levels left.
You knew the following spells:

 Your Spells              Type           Power      Damage    Failure   Level
a - Ensorcelled Hibernat  Hex/Ice        28%        N/A       8%          2
b - Confusing Touch       Hex            21%        N/A       6%          3

Your spell library contained the following spells:

 Spells                   Type           Power      Damage    Failure   Level
 Tukima's Dance           Hex            21%        N/A       6%          3
 Dazzling Flash           Conj/Hex       28%        N/A       16%         3
 Portal Projectile        Hex/Tloc       28%        N/A       16%         3
 Call Canine Familiar     Summ           7%         N/A       36%         3
 Ozocubu's Armour         Ice            7%         N/A       36%         3
 Leda's Liquefaction      Hex/Erth       7%         N/A       45%         4
 Ozocubu's Refrigeration  Ice            3%         4d5       100%        7


Dungeon Overview and Level Annotations

Branches:
Dungeon (3/15)

Altars:
Gozag


Innate Abilities, Weirdness & Mutations

You have very sharp teeth.
Your uncanny sense of smell can sniff out nearby items.
Your experience applies equally to all skills.


Message History

Casting: Ensorcelled Hibernation (safe; 8% risk of failure)
Confirm with . or Enter, or press ? or * to list all spells.
You don't have enough magic to cast this spell.
Unknown command.
You hit the gnoll.
The gnoll is moderately wounded.
You block the gnoll's attack.
You hit the gnoll but do no damage. Your bite misses the gnoll.
The gnoll is moderately wounded.
The gnoll hits you with a +0 halberd!
You hit the gnoll. You bite the gnoll, but do no damage.
The gnoll is heavily wounded.
The gnoll closely misses you.
You closely miss the gnoll. Your bite misses the gnoll.
The gnoll is heavily wounded.
The gnoll barely misses you.
You hit the gnoll.
The gnoll is heavily wounded.
The gnoll misses you.
You hit the gnoll but do no damage.
The gnoll is heavily wounded.
You barely miss the gnoll.
The gnoll is heavily wounded.
The gnoll hits you with a +0 halberd!
You barely miss the gnoll.
The gnoll is heavily wounded.
You block the gnoll's attack.
You hit the gnoll but do no damage. You bite the gnoll, but do no damage.
The gnoll is heavily wounded.
The gnoll hits you with a +0 halberd!
A gnoll comes into view. It is wielding a +0 halberd.
Casting: Ensorcelled Hibernation (safe; 8% risk of failure)
Confirm with . or Enter, or press ? or * to list all spells.
Aiming: Ensorcelled Hibernation (safe; 8% risk of failure)
Press: ? - help, Shift-Dir - straight line, f/p - gnoll
Aim: a gnoll, wielding a +0 halberd (heavily wounded, chance to affect: 56%)
The gnoll resists with significant effort.
The gnoll closely misses you. The gnoll attacks as you move away!
The gnoll hits you with a +0 halberd!
You die...

.....# .....# .. .....#
#.. .....# #.# .....# #.#
..>..# #.# .....## ##.# ∆
. ......##########..# ..
................@g# ...
......###.......#.####...
.......##.......#.#......
..#.##...)......#g..#
........#####..##..##
....###.##....###..#
†.#.# #.........!.)#
..#.#####..........#
.....##.....#......#


You could see 2 gnolls.

Vanquished Creatures
  A gnoll (D:3)
  4 adders
  A dart slug (D:2)
  An orc (D:2)
  8 bats
  3 endoplasms
  5 goblins
  6 hobgoblins
  A kobold (D:1)
  2 quokkas
  6 ball pythons
  A frilled lizard (D:1)
  3 rats
42 creatures vanquished.

Notes
Turn   | Place    | Note
-------+----------+-------------------------------------------
     0 | D:1      | Foxy the Gnoll Enchanter began the quest for the Orb.
     0 | D:1      | Reached XP level 1. HP: 13/13 MP: 6/6
   269 | D:1      | Reached XP level 2. HP: 2/19 MP: 7/7
   272 | D:1      | Learned a level 2 spell: Ensorcelled Hibernation
   833 | D:1      | Found a faded altar of an unknown god.
  1109 | D:2      | Reached skill level 6 in Stealth
  1109 | D:2      | Reached skill level 5 in Spellcasting
  1109 | D:2      | Reached XP level 3. HP: 25/25 MP: 7/9
  1113 | D:2      | Learned a level 3 spell: Confusing Touch
  1200 | D:2      | Reached skill level 1 in Invocations
  1383 | D:2      | Found an opulent altar of Gozag.
  1546 | D:2      | Reached skill level 1 in Fighting
  1546 | D:2      | Reached skill level 1 in Long Blades
  1546 | D:2      | Reached skill level 1 in Axes
  1546 | D:2      | Reached skill level 1 in Maces & Flails
  1546 | D:2      | Reached skill level 1 in Polearms
  1546 | D:2      | Reached skill level 1 in Staves
  1546 | D:2      | Reached skill level 1 in Slings
  1546 | D:2      | Reached skill level 1 in Bows
  1546 | D:2      | Reached skill level 1 in Crossbows
  1546 | D:2      | Reached skill level 1 in Throwing
  1546 | D:2      | Reached skill level 1 in Armour
  1546 | D:2      | Reached skill level 1 in Shields
  1546 | D:2      | Reached skill level 1 in Unarmed Combat
  1546 | D:2      | Reached skill level 1 in Evocations
  1546 | D:2      | Reached XP level 4. HP: 16/32 MP: 8/11
  1963 | D:3      | Noticed a water moccasin
  2203 | D:3      | Reached skill level 1 in Conjurations
  2203 | D:3      | Reached skill level 1 in Summonings
  2203 | D:3      | Reached skill level 1 in Necromancy
  2203 | D:3      | Reached skill level 1 in Translocations
  2203 | D:3      | Reached skill level 1 in Transmutations
  2203 | D:3      | Reached skill level 1 in Fire Magic
  2203 | D:3      | Reached skill level 1 in Ice Magic
  2203 | D:3      | Reached skill level 1 in Air Magic
  2203 | D:3      | Reached skill level 1 in Earth Magic
  2203 | D:3      | Reached skill level 1 in Poison Magic
  2227 | D:3      | Slain by a gnoll

Illustrated notes

Levels and vault maps discovered:
D:1:      eino_arrival_water_cross, layout_basic, shapermc_ecumenical_altar_venn
D:2:      layout_rooms, basic_altar
D:3:      layout_rooms

Skill      XL: |  1  2  3  4 |
---------------+-------------+-----
Stealth        | 6 |  6.0
Spellcasting   | 5 |  5.1
Invocations    | 1 |  1.3
Fighting       | 1 |  1.2
Long Blades    | 1 |  1.2
Axes           | 1 |  1.2
Maces & Flails | 1 |  1.2
Polearms       | 1 |  1.2
Staves         | 1 |  1.2
Slings         | 1 |  1.2
Bows           | 1 |  1.2
Crossbows      | 1 |  1.2
Throwing       | 1 |  1.2
Armour         | 1 |  1.2
Shields        | 1 |  1.2
Unarmed Combat | 1 |  1.2
Evocations     | 1 |  1.2
Conjurations   | 1 |  1.0
Summonings     | 1 |  1.0
Necromancy     | 1 |  1.0
Translocations | 1 |  1.0
Transmutations | 1 |  1.0
Fire Magic     | 1 |  1.0
Ice Magic      | 1 |  1.0
Air Magic      | 1 |  1.0
Earth Magic    | 1 |  1.0
Poison Magic   | 1 |  1.0
Short Blades   | |  2.8
Dodging        | |  4.6
Hexes          | |  5.5

Action                   |  1- 3 |  4- 6 || total
-------------------------+-------+-------++-------
Melee: Dagger            |   118 |    32 ||   150
       Bite              |     5 |     3 ||     8
       Punch             |     1 |       ||     1
 Cast: Ensorcelled Hiber |     1 |     9 ||    10
 Stab: Sleeping          |    13 |     5 ||    18
Armor: Robe              |    20 |     7 ||    27
Dodge: Dodged            |    61 |    30 ||    91
Block: Buckler           |       |     3 ||     3

Table legend: (Time is in decaauts)
 A = Elapsed time spent in this place.
 B = Non-inter-level travel time spent in this place.
 C = Inter-level travel time spent in this place.
 D = Time resting spent in this place.
 E = Time spent auto-exploring this place.
 F = Levels seen in this place.
 G = Mean time per level.
                   A        B        C        D        E       F      G
               +--------+--------+--------+--------+--------+-----+--------+
         Total |   2208 |   2137 |     71 |    532 |   1207 |   3 |  736.0 |
       Dungeon |   2208 |   2137 |     71 |    532 |   1207 |   3 |  736.0 |
               +--------+--------+--------+--------+--------+-----+--------+

Top non-repeatable levels by time:
     D:1: 1077 daAuts
     D:2: 797 daAuts
     D:3: 333 daAuts
